 Dungeon Crawl Stone Soup version 0.25.1-2-g60ff931df9 (webtiles) character file.

Game seed: 17414543745411524620

64 DearestLeader the Digger (level 4, -4/24 HPs)
             Began as a Gargoyle Earth Elementalist on Sept 13, 2020.
             Slain by a gnoll
             ... wielding a +0 flail
              (6 damage)
             ... on level 2 of the Dungeon.
             The game lasted 00:04:23 (2539 turns).

DearestLeader the Digger (GrEE)                     Turns: 2539, Time: 00:04:24

Health: -4/24      AC:  5    Str: 11    XL:     4   Next: 12%
Magic:  1/7        EV: 12    Int: 17    God:
Gold:   97         SH:  0    Dex: 10    Spells: 1/7 levels left

rFire    . . .     SeeInvis +   k - +2 short sword (holy)
rCold    . . .     Gourm    .   (no shield)
rNeg     + . .     Faith    .   c - +0 robe
rPois    ∞         Spirit   .   (no helmet)
rElec    +         Reflect  .   (no cloak)
rCorr    .         Harm     .   (no gloves)
MR       .....     Rnd*Tele +   (no boots)
Stlth    ++........             (no amulet)
HPRegen  0.08/turn              e - ring of teleportation (curse)
MPRegen  0.10/turn              g - ring of see invisible

@: no status effects
A: negative energy resistance 1, electricity resistance, unbreathing,
petrification resistance, rot immunity, AC +3
a: no special abilities


You were on level 2 of the Dungeon.
You were not hungry.

You visited 1 branch of the dungeon, and saw 3 of its levels.

You collected 97 gold pieces.

Inventory:

Hand Weapons
 k - a +2 short sword of holy wrath (weapon)
Missiles
 b - 75 stones (quivered)
Armour
 c - a +0 robe (worn)
 i - a cursed +0 leather armour
Jewellery
 e - a cursed ring of teleportation (left hand)
 g - a ring of see invisible (right hand)
Scrolls
 a - a scroll of fog {unknown}
 h - a scroll of magic mapping
 j - 5 scrolls of enchant weapon {unknown}
 m - a scroll of remove curse {unknown}
Potions
 f - a potion of might {unknown}
 n - a potion of curing {unknown}
Comestibles
 d - 8 rations
 l - 6 chunks of flesh


   Skills:
 - Level 1.5 Dodging
 - Level 2.1 Stealth
 - Level 2.0 Spellcasting
 + Level 0.5 Conjurations
 - Level 0.7 Transmutations
 * Level 5.8 Earth Magic


You had one spell level left.
You knew the following spells:

 Your Spells              Type           Power        Failure   Level  Hunger
a - Sandblast             Erth           ###...       1%          1    #......
b - Stone Arrow           Conj/Erth      ##....       16%         3    ###....
c - Passwall              Tmut/Erth      ##......     8%          2    ###....

Your spell library contained the following spells:

 Spells                   Type           Power        Failure   Level  Hunger
 Petrify                  Tmut/Erth      ##......     45%         4    #####..
 Lee's Rapid Deconstruct  Erth           ###.......   45%         5    ######.


Dungeon Overview and Level Annotations

Branches:
Dungeon (3/15)

Altars:


Innate Abilities, Weirdness & Mutations

You are resistant to torment.
Your stone body is resilient. (AC +3)
You are immune to poison.
You resist negative energy. (rN+)
You are resistant to electric shocks. (rElec)
You can survive without breathing.
You are immune to petrification.
You are immune to rotting.


Message History

* * * LOW HITPOINT WARNING * * *
There is a stone staircase leading up here.
The orc priest casts a cantrip, but nothing happens.
You climb upwards.
There is a stone staircase leading down here.
Casting: Sandblast (safe; 1% risk of failure)
Confirm with . or Enter, or press ? or * to list all spells.
Aiming: Sandblast (safe; 1% risk of failure)
Press: ? - help, Shift-Dir - straight line, f - gnoll
Aim: a gnoll, wielding a +0 flail (severely wounded)
The blast of sand misses the gnoll.
b - 75 stones The gnoll hits you with a +0 flail.
* * * LOW HITPOINT WARNING * * *
Casting: Sandblast (safe; 1% risk of failure)
Confirm with . or Enter, or press ? or * to list all spells.
You don't have enough magic to cast that spell.
Unknown command.
The gnoll hits you with a +0 flail.
You die...

.#######.#########.#.#.#...######
...<.................#.#.........
.##.####.########.####.##########
..#.####.###.....................
.................................
#.#.####.###..###.####.#....)....
#.#.####.# #......# #.#.###.#...
#.#......###..###.####.#.........
.>.............g@.........##.#.##
..........<#.##.######.[..##.#.#
.###......................##.#.#
.###.#######.##.#######...##.#.##
...#.# #.##................#.
.#.#.# ####.##.#####....###.###.
##.#.# #.......# #............
##.#.# #.##.########...#.##.####
##.#.# #.##..............##.#


You could see a gnoll.

Vanquished Creatures
  2 worms (D:2)
  4 dart slugs
  3 orcs (D:3)
  9 goblins
  5 hobgoblins
  A quokka (D:2)
  7 bats
  2 frilled lizards
  9 kobolds
  7 rats
49 creatures vanquished.

Notes
Turn   | Place    | Note
-------+----------+-------------------------------------------
     0 | D:1      | DearestLeader the Gargoyle Earth Elementalist began the
                  | quest for the Orb.
     0 | D:1      | Reached XP level 1. HP: 10/10 MP: 3/3
   285 | D:1      | Reached skill level 4 in Earth Magic
   458 | D:1      | Reached XP level 2. HP: 11/15 MP: 5/5
  1352 | D:1      | Reached XP level 3. HP: 19/19 MP: 4/6
  1440 | D:2      | Reached skill level 5 in Earth Magic
  1447 | D:2      | Learned a level 3 spell: Stone Arrow
  1450 | D:2      | Learned a level 2 spell: Passwall
  2482 | D:3      | Reached XP level 4. HP: 23/24 MP: 7/7
  2524 | D:2      | HP: 1/24 [gnoll/+0 flail (3)]
  2539 | D:2      | Slain by a gnoll

Illustrated notes

Levels and vault maps discovered:
D:1:      ebering_trefoil_3fold, layout_loops_ring
D:2:      layout_basic, first_ration
D:3:      layout_loops_cross, nicolae_overflow_hidden_temple, marbit_many_paths,
          cheibrodos_sewer_entry_sluice, kennysheep_generic_room_14, uniq_robin

Skill      XL: |  1  2  3 |
---------------+----------+-----
Earth Magic    | 4 5 |  5.8
Dodging        | |  1.5
Stealth        | |  2.1
Spellcasting   | |  2.0
Conjurations   | |  0.5
Transmutations | |  0.7

Action                   |  1- 3 |  4- 6 || total
-------------------------+-------+-------++-------
Melee: Short sword       |   108 |     2 ||   110
 Cast: Sandblast         |    11 |     8 ||    19
  Use: Scroll            |     2 |       ||     2
 Stab: Sleeping          |    12 |       ||    12
  Eat: Chunk             |     5 |       ||     5
Armor: Robe              |    34 |     2 ||    36
Dodge: Dodged            |    54 |     4 ||    58
